 Dungeon Crawl Stone Soup version 0.28-a0-1347-g113dc556a4 (webtiles) character file.

Game seed: 5494389079779245358

26960 vivovinco the Thaumaturge (level 13, 0/63 HPs)
             Began as a Tengu Air Elementalist on Dec 29, 2021.
             Was an Elder of Sif Muna.
             Slain by a vampire mosquito (9 damage)
             ... on level 11 of the Dungeon.
             The game lasted 02:11:53 (19870 turns).

vivovinco the Thaumaturge (Tengu Air Elementalist) Turns: 19870, Time: 02:11:55

Health: 0/63       AC: 14    Str: 10    XL:     13   Next: 29%
Magic:  1/30       EV: 16    Int: 20    God:    Sif Muna [****..]
Gold:   515        SH:  0    Dex: 14    Spells: 1/36 levels left

rFire   . . .      SeeInvis .   b - staff of conjuration
rCold   . . .      Faith    .   J - orb {mayhem}
rNeg    . . .      Spirit   .   G - +2 acid dragon scales
rPois   +          Reflect  .   (helmet restricted)
rElec   .          Harm     .   s - scarf {repulsion}
rCorr   +          Rampage  .   N - +0 pair of gloves
Will    .....                   (boots unavailable)
Stlth   +++.......              k - amulet of regeneration
HPRegen 1.00/turn               D - ring of poison resistance
MPRegen 0.22/turn               g - +4 ring of protection

@: flying quickly and evasively, repel missiles, quick
A: beak, talons 3, nimble flight
a: Renounce Religion, Channel Magic, Forget Spell, Divine Exegesis


You were on level 11 of the Dungeon.
You worshipped Sif Muna.
Sif Muna was greatly pleased with you.
You visited 3 branches of the dungeon, and saw 16 of its levels.
You also visited: Sewer and Bailey.

You collected 680 gold pieces.
You spent 165 gold pieces at shops.

Inventory:

Hand Weapons
 a - a +2 dagger of venom
 h - the +7 quarterstaff "vivovinco's Bane" {drain, Int+4 Dex+2}
   (You found it on level 1 of the Lair of Beasts)

   A truly terrible weapon, it drains the life of any living foe it strikes.
   Int:       It affects your intelligence (+4).
   Dex:       It affects your dexterity (+2).
 O - a +2 whip of freezing
Missiles
 e - 488 stones
 m - 52 poisoned darts
 w - a throwing net
 y - 2 curare-tipped darts
Armour
 c - a +1 robe
 q - a +3 leather armour
 s - a scarf of repulsion (worn)
 G - +2 acid dragon scales (worn)
 J - an orb of mayhem (worn)
 N - a +0 pair of gloves (worn)
Magical Staves
 b - a staff of conjuration (weapon)
Jewellery
 g - a +4 ring of protection (right hand)
 j - a ring of ice
 k - an amulet of regeneration (around neck)
 n - an amulet of the acrobat
 o - an amulet of guardian spirit
 D - a ring of poison resistance (left hand)
 Q - a ring of wizardry
Wands
 d - a wand of iceblast (12)
 l - a wand of digging (14)
 r - a wand of polymorph (11)
 E - a wand of flame (24)
 K - a wand of charming (2)
 R - a wand of acid (4)
Scrolls
 f - a scroll of teleportation
 p - 3 scrolls of identify
 t - a scroll of silence
 u - 2 scrolls of enchant weapon
 z - a scroll of brand weapon
 A - 2 scrolls of fog
 F - 3 scrolls of amnesia
 P - a scroll of magic mapping
Potions
 i - 3 potions of brilliance
 v - 3 potions of curing
 x - a potion of ambrosia
 B - 2 potions of magic
 C - 2 potions of mutation
 H - a potion of berserk rage
 I - 2 potions of flight {unknown}
 L - a potion of haste {unknown}
 M - 2 potions of resistance {unknown}


   Skills:
 + Level 4.0 Short Blades
 + Level 5.0 Staves
 + Level 0.3 Throwing
 + Level 6.0 Armour
 + Level 7.1 Dodging
 + Level 5.2 Stealth
 + Level 12.3 Spellcasting
 - Level 11.0 Conjurations
 + Level 2.4 Necromancy
 + Level 0.2 Translocations
 * Level 3.9 Fire Magic
 + Level 5.7 Ice Magic
 - Level 10.5 Air Magic
 + Level 2.9 Evocations


You had one spell level left.
You knew the following spells:

 Your Spells              Type           Power      Damage    Failure   Level
a - Shock                 Conj/Air       100%       1d9       1%          1
b - Static Discharge      Conj/Air       70%        N/A       1%          2
c - Swiftness             Air            53%        N/A       1%          3
d - Airstrike             Air            26%        N/A       1%          4
e - Lightning Bolt        Conj/Air       35%        1d53      2%          5
f - Corpse Rot            Necr/Air       76%        N/A       1%          2
g - Hailstorm             Conj/Ice       62%        3d13      2%          4
h - Freeze                Ice            100%       1d11      1%          1
i - Iskenderun's Battles  Conj           71%        2d12      2%          5
j - Flame Wave            Conj/Fire      59%        2d9       3%          4
k - Iskenderun's Mystic   Conj/Tloc      51%        2d11      8%          4

Your spell library contained the following spells:

 Spells                   Type           Power      Damage    Failure   Level
 Foxfire                  Conj/Fire      100%       2x1d9     1%          1
 Magic Dart               Conj           100%       1d8       1%          1
 Poisonous Vapours        Pois/Air       66%        N/A       1%          2
 Conjure Flame            Conj/Fire      59%        6-21      1%          3
 Mephitic Cloud           Conj/Pois/Air  57%        N/A       1%          3
 Dazzling Flash           Conj/Hex       100%       N/A       2%          3
 Frozen Ramparts          Ice            70%        1d9       2%          3
 Ensorcelled Hibernation  Hex/Ice        46%        N/A       3%          2
 Sticky Flame             Conj/Fire      59%        2d7       3%          4
 Sublimation of Blood     Necr           22%        N/A       4%          2
 Inner Flame              Hex/Fire       20%        N/A       11%         3
 Call Imp                 Summ           12%        N/A       12%         2
 Ignite Poison            Fire/Tmut/Pois 17%        N/A       14%         3
 Call Canine Familiar     Summ           12%        N/A       24%         3
 Portal Projectile        Hex/Tloc       24%        N/A       24%         3
 Spider Form              Tmut/Pois      12%        N/A       24%         3
 Tukima's Dance           Hex            12%        N/A       24%         3
 Irradiate                Conj/Tmut      25%        3d22      24%         5
 Summon Ice Beast         Ice/Summ       23%        N/A       26%         4
 Starburst                Conj/Fire      29%        6d9       50%         6
 Passage of Golubria      Tloc           13%        N/A       58%         4
 Leda's Liquefaction      Hex/Erth       6%         N/A       63%         4
 Petrify                  Tmut/Erth      12%        N/A       63%         4
 Iron Shot                Conj/Erth      25%        9d5       78%         6
 Summon Forest            Summ/Tloc      6%         N/A       91%         5
 Summon Mana Viper        Hex/Summ       12%        N/A       92%         5
 Yara's Violent Unravell  Hex/Tmut       6%         3d5       92%         5
 Summon Cactus Giant      Summ           6%         N/A       100%        6
 Monstrous Menagerie      Summ           6%         N/A       100%        7
 Spellforged Servitor     Conj/Summ      25%        N/A       100%        7
 Maxwell's Capacitive Co  Air            26%        ∞         100%        8


Dungeon Overview and Level Annotations

Branches:
Dungeon (12/15)            Temple (1/1) D:7            Lair (3/6) D:8
  Sewer (visited)          Bailey (visited)
  Swamp: Lair:2-4    Shoals: Lair:2-4     Snake: Lair:2-4    Spider: Lair:2-4
    Orc: D:9-12

Altars:
Ashenzari
Cheibriados
Dithmenos
Elyvilon
Fedhas
Gozag
Hepliaklqana
Kikubaaqudgha
Makhleb
Nemelex Xobeh
Okawaru
Qazlal
Ru
Sif Muna
Trog
Uskayaw
Vehumet
Wu Jian
Xom
Yredelemnul
Zin
The Shining One

Shops:
D:4 [   D:7 =

Annotations:
D:7 1 transporter, avis's ghost, novice OpTm
D:10 2 transporters


Innate Abilities, Weirdness & Mutations

You have a beak for a mouth.
You have claws for feet.
Your magical nature lets you fly swiftly and evasively.


Message History

The vampire mosquito barely misses you.
The vampire mosquito closely misses you.
The vampire mosquito bites you.
The vampire mosquito draws strength from your injuries!
You hit the vampire mosquito. You claw the vampire mosquito!
The vampire mosquito is moderately damaged.
The vampire mosquito bites you but does no damage.
The vampire mosquito closely misses you.
The vampire mosquito bites you!
The vampire mosquito draws strength from your injuries!
You barely miss the vampire mosquito. Your kick misses the vampire mosquito.
The vampire mosquito is lightly damaged.
The vampire mosquito bites you but does no damage.
The vampire mosquito bites you!
The vampire mosquito draws strength from your injuries!
Casting: Shock (safe; 1% risk of failure)
Confirm with . or Enter, or press ? or * to list all spells.
You feel a surge of power!
The vampire mosquito is struck by an arc of lightning.
The vampire mosquito is lightly damaged.
You are struck by an arc of lightning.
The vampire mosquito is struck by an arc of lightning!
The vampire mosquito is heavily damaged.
You are struck by an arc of lightning.
The lightning grounds out.
The vampire mosquito bites you but does no damage.
The vampire mosquito misses you. x2
Casting: Static Discharge (safe; 1% risk of failure)
Confirm with . or Enter, or press ? or * to list all spells.
You feel a surge of power!
The vampire mosquito is struck by an arc of lightning!
The vampire mosquito is severely damaged.
You are struck by an arc of lightning.
The vampire mosquito is struck by an arc of lightning.
The vampire mosquito is almost destroyed.
The lightning grounds out.
The vampire mosquito misses you. The vampire mosquito bites you!
* * * LOW HITPOINT WARNING * * *
The vampire mosquito draws strength from your injuries!
The vampire mosquito bites you!
You die...

#..##.....# #.....
#.........# #.....
#.........# #.....
#.........# #.....
#.........# #.....
#.........# #.....
#.........#####.....
#.y.†....(..........
#..@................
#...................
#.........######....
#.........# #....
#.........# #....
#.........# #....
#.........# #....
#[........# #....
#....(....# #....


You could see a neutral vampire mosquito (fast, strong, insane).

Vanquished Creatures
  Gastronok (D:12)
  3 hydras
  A catoblepas (Lair:3)
  Pikel (D:9)
  An orc knight (Bailey)
  A cyclops (D:12)
  A manticore (D:11)
  A black mamba (Lair:2)
  9 cane toads
  A gargoyle (D:11)
  3 komodo dragons
  3 trolls
  2 polar bears
  A hornet (D:9)
  3 blink frogs (Lair:2)
  A shadow (D:10)
  4 wyverns
  28 yaks
  A wraith (D:8)
  5 basilisks
  2 steam dragons
  A vampire mosquito (D:11)
  An acid dragon (D:10)
  10 water moccasins
  15 orc warriors
  3 black bears
  A sky beast (D:5)
  3 necrophages
  2 ice beasts
  An ogre (D:7)
  2 lemures (D:9)
  A phantom (D:6)
  11 centaurs
  4 kobold brigands
  6 bullfrogs
  3 scorpions
  5 killer bees (D:8)
  A water moccasin skeleton (D:4)
  3 wights (D:8)
  An electric eel (Lair:2)
  2 howler monkeys
  4 centaur zombies
  2 hounds
  A bullfrog skeleton (D:6)
  A centaur skeleton (D:5)
  2 orc priests
  2 gnoll shamans
  7 iguanas
  12 orc wizards
  13 gnolls
  8 adders
  3 worms
  2 dart slugs
  40 orcs
  7 ball pythons
  11 endoplasms
  14 giant cockroaches
  15 goblins
  13 hobgoblins
  5 jackals
  5 quokkas
  3 bats
  10 frilled lizards
  13 kobolds
  6 rats
348 creatures vanquished.

Vanquished Creatures (collateral kills)
  2 slime creatures (D:12)
  11 yaks
  A wraith (D:10)
  3 ogres (D:7)
  2 centaurs (D:11)
  2 orc priests (D:10)
  2 orc wizards
  An orc (D:10)
24 creatures vanquished.

Vanquished Creatures (others)
  3 yaks (Lair:3)
  A human (D:10)
  An orc wizard (D:11)
  45 fungi
  82 plants
132 creatures vanquished.

Grand Total: 504 creatures vanquished

Notes
Turn   | Place    | Note
-------+----------+-------------------------------------------
     0 | D:1      | vivovinco the Tengu Air Elementalist began the quest for
                  | the Orb.
     0 | D:1      | Reached XP level 1. HP: 10/10 MP: 4/4
   224 | D:1      | Reached XP level 2. HP: 13/15 MP: 0/6
   704 | D:1      | Reached skill level 5 in Air Magic
   745 | D:1      | Reached XP level 3. HP: 19/19 MP: 4/7
  1809 | D:2      | Found a faded altar of an unknown god.
  1811 | D:2      | Reached XP level 4. HP: 24/24 MP: 6/8
  1854 | D:2      | Learned a level 2 spell: Static Discharge
  1858 | D:2      | Learned a level 3 spell: Swiftness
  2232 | D:3      | Reached skill level 1 in Short Blades
  2496 | D:3      | Found a radiant altar of Vehumet.
  3024 | D:3      | Gained mutation: Your magical nature lets you fly swiftly
                  | and evasively. [Tengu growth]
  3024 | D:3      | Reached XP level 5. HP: 28/28 MP: 7/9
  3577 | D:4      | Found a basalt altar of Yredelemnul.
  3805 | D:4      | Reached XP level 6. HP: 30/32 MP: 6/11
  3856 | D:4      | Reached skill level 3 in Spellcasting
  3896 | D:5      | Entered Level 5 of the Dungeon
  3896 | D:5      | Noticed a sky beast
  3901 | D:5      | Killed a sky beast
  4006 | D:5      | Found a glowing drain.
  4011 | Sewer    | Entered a sewer
  4163 | Sewer    | Reached XP level 7. HP: 36/36 MP: 10/13
  4223 | Sewer    | Reached skill level 1 in Armour
  4542 | D:4      | Found Miykh's Armour Boutique.
  4548 | D:4      | Bought a scarf of repulsion for 120 gold pieces
  5211 | D:5      | Reached skill level 1 in Staves
  5395 | D:5      | Reached skill level 1 in Evocations
  5535 | D:5      | Reached skill level 4 in Spellcasting
  5535 | D:5      | Reached XP level 8. HP: 36/41 MP: 13/15
  6267 | D:6      | Reached skill level 5 in Conjurations
  6393 | D:5      | Learned a level 4 spell: Airstrike
  6594 | D:7      | Found a staircase to the Ecumenical Temple.
  6680 | D:7      | Found a blossoming altar of Fedhas.
  6704 | D:7      | Found a transporter.
  6707 | D:7      | Found a transporter.
  6707 | D:7      | Noticed avis's ghost (novice OpTm)
  6714 | D:7      | Identified the +6 dire flail of Ullaff {freeze, rElec rF+}
  6741 | D:7      | Found Gebliqot's Jewellery Boutique.
  6886 | D:7      | Reached skill level 5 in Spellcasting
  6886 | D:7      | Reached XP level 9. HP: 39/45 MP: 9/17
  6898 | D:7      | Found a flagged portal.
  6906 | Bailey   | Entered a bailey
  7246 | Bailey   | Noticed an orc knight
  7286 | Bailey   | Killed an orc knight
  7289 | Bailey   | HP: 1/45 [orc warrior (16)]
  7293 | Bailey   | Reached skill level 6 in Spellcasting
  7500 | Bailey   | Noticed an orc knight
  7533 | Bailey   | Reached skill level 10 in Air Magic
  7693 | D:6      | Learned a level 5 spell: Lightning Bolt
  8131 | D:6      | Reached XP level 10. HP: 42/50 MP: 18/20
  8192 | D:6      | Learned a level 2 spell: Corpse Rot
  8365 | Temple   | Entered the Ecumenical Temple
  8635 | Temple   | Became a worshipper of Sif Muna the Loreminder
  8906 | D:7      | Found a white marble altar of Elyvilon.
  9486 | D:8      | Learned a level 4 spell: Hailstorm
  9529 | D:8      | Reached skill level 5 in Dodging
  9561 | D:8      | Reached skill level 1 in Necromancy
  9561 | D:8      | Reached skill level 1 in Ice Magic
  9775 | D:8      | Found a staircase to the Lair.
  9847 | D:8      | Found a snail-covered altar of Cheibriados.
 10122 | D:8      | Reached * piety under Sif Muna
 10250 | D:8      | You are sucked into a shaft and drop 3 floors!
 10253 | D:10     | Entered Level 10 of the Dungeon
 10259 | D:10     | Reached skill level 7 in Spellcasting
 10922 | Lair:1   | Entered Level 1 of the Lair of Beasts
 10940 | Lair:1   | Noticed a cane toad
 11043 | D:8      | Killed a cane toad
 11097 | Lair:1   | Reached XP level 11. HP: 54/54 MP: 9/23
 11529 | Lair:1   | Identified the +7 quarterstaff "vivovinco's Bane" {drain,
                  | Int+4 Dex+2}
 11633 | Lair:1   | Reached skill level 8 in Spellcasting
 12173 | Lair:1   | Found the +8 frozen axe "Frostbite" {freezing cloud, *Noise
                  | Fly rC+}
 12736 | Lair:2   | Reached skill level 10 in Conjurations
 13107 | Lair:2   | Reached skill level 9 in Spellcasting
 14137 | Lair:3   | Noticed a four-headed hydra
 14160 | Lair:3   | Killed a four-headed hydra
 14163 | Lair:3   | Learned a level 1 spell: Freeze
 14169 | Lair:3   | Learned a level 5 spell: Iskenderun's Battlesphere
 14286 | Lair:3   | Noticed a catoblepas
 14464 | Lair:3   | Reached ** piety under Sif Muna
 14467 | Lair:3   | Reached XP level 12. HP: 59/59 MP: 1/26
 14472 | Lair:3   | Reached skill level 5 in Armour
 14475 | Lair:3   | Reached skill level 10 in Spellcasting
 14651 | Lair:3   | Reached skill level 5 in Ice Magic
 14824 | Lair:3   | Killed a catoblepas
 15085 | Lair:3   | Noticed a six-headed hydra
 15096 | Lair:3   | Killed a six-headed hydra
 15475 | Lair:3   | Reached skill level 11 in Spellcasting
 15543 | Lair:3   | Learned a level 4 spell: Flame Wave
 16166 | D:4      | Bought a +0 pair of gloves for 45 gold pieces
 16955 | D:9      | Noticed Pikel
 16962 | D:9      | Killed Pikel
 16963 | D:9      | Reached skill level 1 in Fire Magic
 17216 | D:9      | Found a hazy altar of Hepliaklqana.
 17380 | D:9      | Reached *** piety under Sif Muna
 17390 | D:9      | HP: 2/59 [troll (9)]
 17741 | D:10     | Found a transporter.
 17741 | D:10     | Noticed a boulder beetle
 17742 | D:10     | Found a transporter.
 17974 | D:10     | Reached skill level 5 in Stealth
 18110 | D:10     | Found an ancient bone altar of Kikubaaqudgha.
 18354 | D:10     | Found an ornate altar of the Wu Jian Council.
 18465 | D:11     | Reached XP level 13. HP: 61/63 MP: 13/29
 19264 | D:11     | Reached skill level 12 in Spellcasting
 19378 | D:11     | Learned a level 4 spell: Iskenderun's Mystic Blast
 19700 | D:12     | Reached **** piety under Sif Muna
 19846 | D:12     | Noticed Gastronok
 19852 | D:12     | Killed Gastronok
 19853 | D:12     | Reached skill level 5 in Staves
 19870 | D:11     | Slain by a vampire mosquito

Illustrated notes

Levels and vault maps discovered:
D:1:      kennysheep_arrival_seaside, layout_basic, serial_forest,
          infiniplex_forest_clump_tiny, infiniplex_forest_clump_medium,
          infiniplex_forest_end_2, infiniplex_forest_clump_double,
          infiniplex_forest_lined_1, infiniplex_forest_zigzag_1,
          chequers_serial_rivers_room_b, minmay_misc_feat_doors
D:2:      layout_loops_ring, shapermc_ecumenical_altar_totnotflames,
          minmay_misc_feat_nine_boxes
D:3:      layout_basic, nicolae_vehumet_altar_sigil, serial_co_window_serial,
          co_window_paths_b, co_window_paths_a, co_window_paths_a,
          co_window_corner_a, co_window_of_opportunity_a, co_window_2corner,
          co_window_corner_b, co_window_2corner, co_window_corner_b,
          co_window_4corner_b, glass_columns_c, glass_columns_a, glass_columns_b
D:4:      layout_gridville, lemuel_crystal_altar, serial_shops, shop
D:5:      layout_gridville, gup_sewer_entry_spiral, minmay_strange_pillars
D:6:      layout_rooms
D:7:      layout_loops_ring, mainiacjoe_overflow_large_starburst,
          minmay_temple_entry_offerings, gammafunk_ghost_smash, enter_bailey_3,
          nicolae_inconvenience_store, feat_on_display
D:8:      layout_basic, kennysheep_mini_moat, grunt_lair_entry_orc_guard_hut,
          kennysheep_small_square
D:9:      layout_grid_maze, amcnicky_altar_gilded, uniq_pikel
D:10:     gammafunk_boulding_lane, layout_basic, tgw_kikubaaqudgha,
          pdpol_wu_jian_five_deadly_venoms
D:11:     layout_long_grid
D:12:     layout_loops_ring, minmay_orc_entry_temple_small,
          eino_small_chamber_without_monster, roderic_serpentine_path,
          nicolae_shop_firing_range, uniq_gastronok
Temple:   minmay_temple_curvy_branch
Lair:1:   layout_hall_layers, serial_bayou_crossing
Lair:2:   layout_concentric_octagons, grunt_megastairs_1, lemuel_fruit_tree,
          serial_bayou_shore_a
Lair:3:   layout_loops_ring, hangedman_lair_unloving_vines,
          kennysheep_basilisk_garden, infiniplex_staircase_pool_2,
          serial_bayou_shore_b, grunt_megastairs_4

Skill      XL: |  1  2  3  4  5  6  7  8  9 10 11 12 13 |
---------------+----------------------------------------+-----
Air Magic      | 5 6 7 8 10 | 10.5
Conjurations   | 2 3 4 5 7 9 10 11 | 11.0
Short Blades   | 1 2 3 4 |  4.0
Spellcasting   | 3 4 5 6 7 9 11 12 | 12.3
Dodging        | 3 4 5 6 7 |  7.1
Stealth        | 3 4 5 |  5.2
Armour         | 1 2 3 4 5 6 |  6.0
Staves         | 1 2 4 5 |  5.0
Evocations     | 1 2 |  2.9
Necromancy     | 2 |  2.4
Ice Magic      | 3 4 5 |  5.7
Fire Magic     | 2 3 |  3.9
Throwing       | |  0.3
Translocations | |  0.2

Action                   |  1- 3 |  4- 6 |  7- 9 | 10-12 | 13-15 || total
-------------------------+-------+-------+-------+-------+-------++-------
Melee: Dagger            |    87 |    97 |     5 |   113 |       ||   302
       Peck              |    12 |    15 |    21 |    47 |     3 ||    98
       Kick              |    12 |    19 |    36 |    72 |    19 ||   158
       Staff             |       |       |   153 |   170 |    44 ||   367
Throw: Dart              |       |       |       |     1 |     4 ||     5
 Cast: Shock             |    54 |    64 |    97 |    71 |    10 ||   296
       Static Discharge  |       |     6 |    46 |    34 |     2 ||    88
       Swiftness         |       |     2 |     6 |     7 |     1 ||    16
       Airstrike         |       |       |     7 |    59 |    20 ||    86
       Lightning Bolt    |       |       |     5 |    41 |     4 ||    50
       Corpse Rot        |       |       |       |     9 |       ||     9
       Hailstorm         |       |       |       |    27 |     4 ||    31
       Iskenderun's Batt |       |       |       |     5 |     6 ||    11
       Freeze            |       |       |       |    13 |     1 ||    14
       Flame Wave        |       |       |       |     3 |       ||     3
       Iskenderun's Myst |       |       |       |       |     5 ||     5
Evoke: Wand              |       |       |       |     3 |       ||     3
  Use: Scroll            |       |     8 |    10 |     9 |       ||    27
       Potion            |       |     1 |     2 |     5 |       ||     8
 Stab: Sleeping          |     2 |     7 |     3 |     2 |       ||    14
       Invisible         |       |       |       |     2 |       ||     2
Armor: Leather armour    |    25 |    18 |    47 |    37 |       ||   127
       Acid dragon scale |       |       |       |    71 |    47 ||   118
Dodge: Dodged            |    48 |    49 |   146 |   315 |    59 ||   617
       Repelled          |       |       |       |     3 |       ||     3

Table legend: (Time is in decaauts)
 A = Elapsed time spent in this place.
 B = Non-inter-level travel time spent in this place.
 C = Inter-level travel time spent in this place.
 D = Time resting spent in this place.
 E = Time spent auto-exploring this place.
 F = Levels seen in this place.
 G = Mean time per level.
                   A        B        C        D        E       F      G
               +--------+--------+--------+--------+--------+-----+--------+
         Total |  18932 |  17830 |   1102 |   3709 |   9986 |  18 | 1051.8 |
       Dungeon |  12947 |  12085 |    862 |   1827 |   7304 |  12 | 1078.9 |
        Temple |    308 |    223 |     85 |      0 |    222 |   1 |  308.0 |
          Lair |   4643 |   4488 |    155 |   1438 |   2245 |   3 | 1547.7 |
         Sewer |    402 |    402 |      0 |     40 |    214 |   1 |  402.0 |
        Bailey |    631 |    631 |      0 |    404 |      0 |   1 |  631.0 |
               +--------+--------+--------+--------+--------+-----+--------+

Top non-repeatable levels by time:
  Lair:1: 1618 daAuts
  Lair:2: 1580 daAuts
  Lair:3: 1445 daAuts
     D:8: 1430 daAuts
     D:5: 1394 daAuts
     D:3: 1274 daAuts
     D:7: 1272 daAuts
    D:11: 1218 daAuts
     D:9: 1211 daAuts
     D:1: 1168 daAuts
     D:4: 1132 daAuts
    D:10: 971 daAuts
     D:2: 923 daAuts
     D:6: 916 daAuts
  Bailey: 631 daAuts
